 Dungeon Sprint DCSS version 0.29.1-12-g30fa7ad0bf (webtiles) character file.

Game seed: 15144950812709156875

7 Groucho the Sneak (level 1, -4/9 HPs)
             Began as a Spriggan Enchanter on Dec 17, 2022.
             Slain by a merfolk siren
             ... wielding a +0 spear
              (13 damage)
             ... in the Dungeon (Sprint II: "The Violet Keep of Menkaure").
             The game lasted 00:00:27 (40 turns).

Groucho the Sneak (Spriggan Enchanter)                Turns: 40, Time: 00:00:27

Health: -4/9       AC:  2    Str:  4    XL:     1   Next: 83%
Magic:  6/6        EV: 17    Int: 16    God:
Gold:   243        SH:  0    Dex: 15    Spells: 7/7 levels left

rFire   . . .      SeeInvis +   a - +1 dagger
rCold   . . .      Faith    .   (no shield)
rNeg    . . .      Spirit   .   b - +0 robe
rPois   .          Reflect  .   (helmet restricted)
rElec   .          Harm     .   (no cloak)
rCorr   .          Rampage  .   (gloves unavailable)
Will    .....      NoTele   +   (boots unavailable)
Stlth   +++.......              (no amulet)
HPRegen 0.03/turn               (no ring)
MPRegen 0.10/turn               (no ring)

@: mesmerised, hasted, invisible, very quick
A: very small, no large weapons, unfitting armour, see invisible, speed 3
a: no special abilities


You were in the Dungeon.
You visited 1 branch You collected 243 gold pieces.

Inventory:

Hand Weapons
 a - a +1 dagger (weapon)
Armour
 b - a +0 robe (worn)
Scrolls
 i - a scroll of blinking
Potions
 c - a potion of invisibility
 d - a potion of curing
 e - a potion of heal wounds
 g - 2 potions of magic
 h - a potion of berserk rage


   Skills:
 - Level 1.1 Short Blades
 - Level 2.6 Dodging
 * Level 6.1 Stealth
 + Level 3.5 Spellcasting
 + Level 4.2 Hexes


You had 7 spell levels left.
You didn't know any spells.
Your spell library contained the following spells:

 Spells                   Type           Power      Damage    Failure   Level
 Confusing Touch          Hex            16%        N/A       9%          3
 Tukima's Dance           Hex            16%        N/A       9%          3
 Ensorcelled Hibernation  Hex/Ice        18%        N/A       11%         2
 Dazzling Flash           Conj/Hex       18%        N/A       22%         3


Dungeon Overview and Level Annotations

Branches:
Dungeon (1/1)

Altars:


Innate Abilities, Weirdness & Mutations

You are very small and have problems with some larger weapons.
You are too small for most types of armour.
You have supernaturally acute eyesight. (SInv)
You cover ground extremely quickly. (Speed+++)


Message History

2 boulder beetles come into view.
Found 243 gold pieces.
You close the door.
As you open the door, it creaks loudly! 2 wyverns come into view.
The wyvern hisses angrily. x2
You close the door.
You open the door.
There is an open door here.
You see here 243 gold pieces.
The helpless merfolk siren fails to defend itself.
You puncture the merfolk siren!
The merfolk siren is heavily wounded.
The merfolk siren chants a haunting song.
You are mesmerised by the merfolk siren!
You barely miss the merfolk siren.
The merfolk siren is heavily wounded.
You closely miss the merfolk siren.
The merfolk siren is heavily wounded.
You hit the merfolk siren.
The merfolk siren is heavily wounded.
The merfolk siren chants its luring song.
You hit the merfolk siren.
The merfolk siren is heavily wounded.
You barely miss the merfolk siren.
The merfolk siren is heavily wounded.
You hit the merfolk siren.
The merfolk siren is heavily wounded.
The merfolk siren chants its luring song.
You closely miss the merfolk siren.
The merfolk siren is heavily wounded.
You barely miss the merfolk siren.
The merfolk siren is heavily wounded.
You miss the merfolk siren.
The merfolk siren is heavily wounded.
You hit the merfolk siren but do no damage.
The merfolk siren is heavily wounded.
The merfolk siren hits you with a +0 spear!
Ouch! That really hurt!
You die...

+## #†##
##†.# ##
#..## #
##.###'## .##
#...##.##.B.#
+.#$'.<.+#
#m@.##.##$B.#
##.###+# .##
###


l#l # .# #. ## ## You could see a merfolk siren (mesmerising, unable to see
you).

Vanquished Creatures
  2 worms (D)
2 creatures vanquished.

Notes
Turn   | Place    | Note
-------+----------+-------------------------------------------
     0 | D        | Groucho the Spriggan Enchanter began the quest for the Orb.
     0 | D        | Reached XP level 1. HP: 9/9 MP: 5/5
     3 | D        | Noticed a merfolk siren
    10 | D        | Reached skill level 5 in Stealth
    15 | D        | Reached skill level 6 in Stealth
    20 | D        | Noticed a boulder beetle
    20 | D        | Noticed a boulder beetle
    23 | D        | Noticed a wyvern
    23 | D        | Noticed a wyvern
    40 | D        | Slain by a merfolk siren

Illustrated notes

Levels and vault maps discovered:
D:        the_violet_keep_of_menkaure [sprint2_stairs_cluster_1,
          sprint2_shoproom, sprint2_temple, sprint2_basic_supplies,
          sprint2_obstacle_6, sprint2_obstacle_7, sprint2_obstacle_2,
          sprint2_obstacle_1, sprint2_obstacle_4, sprint2_timed_cluster_1,
          sprint2_smallroom_cluster_1, sprint2_smallroom_final_cluster_1,
          sprint2_transparent_cluster_1, sprint2_second_timed_cluster_1,
          sprint2_sniper_area_1, sprint2_heavy_combat_area_1,
          sprint2_mutation_trap_area_1, sprint2_forest_area_1,
          sprint2_light_combat_area_1, sprint2_behind_water_1,
          sprint2_near_end_vault_1]

Skill      XL: |  1 |
---------------+----+-----
Stealth        | 6 |  6.1
Spellcasting   | 3 |  3.5
Hexes          | 4 |  4.2
Short Blades   | |  1.1
Dodging        | |  2.6

Action                   || total
-------------------------++-------
Melee: Dagger            ||    15
       Punch             ||     1
  Use: Potion            ||     2
 Stab: Sleeping          ||     3
